Map: Habitation Station LE (Void)

Players

Elazer

  • Race: Zerg Zerg
  • League: Grandmaster
  • Spawn Location: 11:00

llllllllllll (Zest) - Winner!

  • Race: Protoss Protoss
  • League: Master
  • Spawn Location: 1:00

Event: NationWars IV

VOD

Have the link to the VOD?

Description

Time

  • Played on: Jan. 21, 2017, 4:02 p.m.
  • Length: 9:05
Show
View Real Time Build Order
Export as new Build Order

Elazer Zerg 

Build Orders: Pool First 

Get SALT Encoding   

  12  0:00  Drone  
  13  0:13  Overlord  
  13  0:17  Drone  
  14  0:32  Drone x2  
  14  0:35  Drone  
  17  0:46  Extractor, Drone  
  17  0:50  Spawning Pool  
  17  0:56  Drone  
  17  1:16  Hatchery  
  16  1:20  Drone  
  16  1:23  Drone  
  18  1:37  Queen  
  18  1:39  Zergling x2  
  21  1:46  Metabolic Boost  
  21  1:52  Overlord  
  21  1:55  Drone  
  22  2:12  Zergling x4, Queen  
  26  2:24  Zergling x2  
  26  2:28  Queen  
  26  2:29  Zergling x2  
  30  2:48  Pneumatized Carapace, Drone  
  31  2:54  Zergling x4  
  33  3:05  Hatchery  
  29  3:17  Drone  
  29  3:18  Drone x2  
  30  3:30  Overlord  
  30  3:37  Evolution Chamber  
  30  3:38  Drone  
  30  3:51  Drone x2  
  30  3:52  Drone x3  
  30  3:53  Drone  
  36  4:04  Drone  
  36  4:09  Zerg Melee Weapons Level 1  
  37  4:15  Spore Crawler  
  36  4:18  Spore Crawler  
  36  4:19  Zergling x4  
  37  4:37  Drone x4  
  41  4:39  Drone x2  
  43  4:53  Drone  
  43  4:55  Hatchery  
  42  5:00  Drone  
  42  5:03  Drone  
  44  5:07  Overlord  
  43  5:17  Queen  
  43  5:19  Overlord, Queen  
  44  5:22  Baneling Nest, Overlord  
  43  5:35  Zergling x2  
  43  5:39  Zergling x2  
  43  5:40  Zergling x10  
  50  5:47  Overlord  
  50  5:52  Overlord  
  50  5:54  Queen  
  52  5:59  Overlord  
  52  6:04  Queen  
  52  6:07  Queen  
  56  6:12  Zergling x2  
  56  6:13  Zergling x6  
  59  6:22  Zergling x2  
  59  6:23  Zergling x8  
  64  6:30  Queen  
  66  6:34  Overlord  
  66  6:35  Zergling x2  
  66  6:36  Zergling x8  
  71  6:42  Zergling x4  
  73  6:52  Overlord, Queen x2  
  76  7:03  Baneling x3  
  76  7:04  Baneling x7  
  76  7:12  Baneling x10  
  76  7:20  Zergling x10  
  79  7:48  Zergling x2  
  79  7:49  Zergling x16  
  83  8:00  Zergling x2  
  83  8:01  Queen  
  83  8:03  Queen  
  81  8:07  Queen  
  77  8:13  Zergling x10  
  67  8:31  Zergling x2  
  67  8:32  Zergling x10  
  67  8:39  Zergling x8  
Show
View Real Time Build Order
Export as new Build Order

llllllllllll Protoss - Winner!

Build Orders:  

Get SALT Encoding   

  12  0:01  Probe (Chrono Boost)  
  13  0:11  Probe (Chrono Boost)  
  14  0:18  Pylon  
  14  0:22  Probe (Chrono Boost)  
  15  0:37  Probe (Chrono Boost)  
  15  0:39  Gateway  
  16  0:47  Probe (Chrono Boost)  
  16  0:48  Assimilator  
  17  0:58  Probe (Chrono Boost)  
  18  1:08  Probe (Chrono Boost)  
  19  1:19  Probe (Chrono Boost)  
  19  1:23  Zealot, Pylon  
  19  1:24  Assimilator  
  20  1:27  Cybernetics Core  
  20  1:31  Probe (Chrono Boost)  
  23  1:41  Forge  
  23  1:45  Probe (Chrono Boost)  
  23  1:46  Zealot  
  26  1:58  Pylon  
  27  2:08  Mothership Core (Chrono Boost)  
  30  2:19  Photon Cannon  
  30  2:28  Photon Cannon  
  28  2:30  Adept  
  30  2:40  Pylon  
  30  2:42  Warp Gate  
  30  2:53  Adept  
  32  3:05  Probe (Chrono Boost)  
  33  3:09  Pylon  
  33  3:17  Probe (Chrono Boost), Sentry  
  32  3:24  Stargate  
  34  3:37  Nexus  
  34  3:41  Probe (Chrono Boost)  
  35  3:52  Probe (Chrono Boost)  
  35  3:53  Pylon  
  37  4:03  Probe (Chrono Boost), Oracle  
  40  4:15  Probe (Chrono Boost)  
  41  4:27  Probe (Chrono Boost)  
  42  4:37  Phoenix  
  43  4:39  Probe (Chrono Boost)  
  45  4:51  Probe x2 (Chrono Boost)  
  47  4:58  Phoenix  
  47  5:02  Probe (Chrono Boost)  
  47  5:03  Probe (Chrono Boost)  
  47  5:06  Adept  
  53  5:12  Probe (Chrono Boost)  
  55  5:15  Probe (Chrono Boost)  
  54  5:23  Probe (Chrono Boost)  
  54  5:27  Probe (Chrono Boost)  
  56  5:31  Assimilator  
  56  5:33  Probe (Chrono Boost)  
  56  5:34  Stargate  
  56  5:35  Fleet Beacon, Assimilator  
  57  5:40  Probe (Chrono Boost)  
  58  5:44  Probe (Chrono Boost)  
  58  5:45  Phoenix  
  61  5:52  Probe (Chrono Boost)  
  61  5:54  Probe (Chrono Boost)  
  63  5:59  Pylon  
  63  6:04  Pylon  
  63  6:07  Pylon  
  63  6:10  Carrier  
  63  6:11  Pylon  
  63  6:17  Probe (Chrono Boost)  
  65  6:19  Probe (Chrono Boost)  
  71  6:30  Probe (Chrono Boost), Carrier  
  71  6:31  Probe (Chrono Boost)  
  79  6:42  Gateway  
  79  6:43  Gateway  
  79  6:47  Gateway  
  79  6:54  Pylon  
  79  7:04  Graviton Catapult  
  79  7:05  Protoss Air Weapons Level 1  
  79  7:08  Zealot  
  79  7:11  Pylon  
  79  7:13  Pylon  
  81  7:17  Pylon  
  81  7:28  Pylon  
  81  7:34  Carrier  
  81  7:43  Sentry  
  89  7:46  Gateway x2  
  89  7:55  Mothership Core (Chrono Boost)  
  84  8:10  Adept x3  
  84  8:12  Adept  
  79  8:27  Photon Cannon  
  79  8:28  Photon Cannon  
  79  8:32  Sentry  
  75  8:41  Adept  
  75  8:42  Adept x2  
  75  8:46  Probe (Chrono Boost)  
  75  8:47  Probe (Chrono Boost)  
  82  8:51  Adept  
  84  9:00  Gateway  
  84  9:01  Gateway  
Tags
 
Add a new tag
Caveats
  • Supply blocks, unpowered buildings, or Contaminate may cause inaccurate times.
  • Supply counts are checked every 10 seconds.